 Dungeon Crawl Stone Soup version 0.26-b1-32-g5d43845318 (webtiles) character file.

Game seed: 839108913406742333

49637 emikaela the Slinger (level 14, -8/110 HPs)
             Began as a Demonspawn Berserker on Jan 8, 2021.
             Was an Elder of Trog.
             Mangled by an entropy weaver (10 damage)
             ... on level 6 of the Lair of Beasts on Jan 9, 2021.
             The game lasted 01:26:15 (23486 turns).

emikaela the Slinger (Demonspawn Berserker)        Turns: 23486, Time: 01:26:15

Health: -8/110     AC:  9    Str: 22    XL:     14   Next: 16%
Magic:  0/23       EV: 14    Int:  8    God:    Trog [****..]
Gold:   1043       SH:  0    Dex: 14    Spells: 13/13 levels left

rFire    + . .     SeeInvis .   b - +1 fustibalus (vorpal)
rCold    + . .     Faith    .   (no shield)
rNeg     . . .     Spirit   +   I - +2 robe {rC+ rF+}
rPois    +         Reflect  .   D - +2 hat
rElec    .         Harm     .   G - +1 cloak
rCorr    .         Rampage  .   M - +1 pair of gloves
Will     +++..                  l - +2 pair of boots
Stlth    +.........             t - amulet of magic regeneration
HPRegen  1.28/turn              o - ring of poison resistance
MPRegen  0.43/turn              J - ring of magical power

@: corroded, regenerating
A: hooves 2, magic shield, miasma immunity, sturdy frame 2
a: Renounce Religion, Berserk, Trog's Hand, Brothers in Arms


You were on level 6 of the Lair of Beasts.
You worshipped Trog.
Trog was greatly pleased with you.
You visited 2 branches of the dungeon, and saw 16 of its levels.

You collected 1043 gold pieces.

Inventory:

Hand Weapons
 a - a +3 great sword of protection
 b - a +1 vorpal fustibalus (weapon)
Missiles
 f - 36 poisoned darts
 j - 7 javelins
 m - 356 arrows
 n - 2 throwing nets {!f}
 s - 159 stones
 v - 5 boomerangs
 N - 82 bolts
 S - 72 sling bullets (quivered ammo)
Armour
 l - a +2 pair of boots (worn)
 D - a +2 hat (worn)
 G - a +1 cloak (worn)
 I - a +2 robe of resistance (worn)
 M - a +1 pair of gloves (worn)
Jewellery
 o - a ring of poison resistance (left hand)
 t - an amulet of magic regeneration (around neck)
 J - a ring of magical power (right hand)
 Q - the ring of Feblel {Ice +Blink rElec Will- Dex+3}
   (You found it on level 5 of the Lair of Beasts)

   [ring of ice]

   It enhances your ice magic.
   It affects your dexterity (+3).
   It makes you vulnerable to fire.
   It protects you from cold.
   It insulates you from electricity.
   It affects your willpower, your defense against some magical effects.
   It lets you blink.
 R - an uncursed ring of resist corrosion
Wands
 P - a wand of paralysis (13)
 Y - a wand of polymorph (18)
Scrolls
 c - 9 scrolls of remove curse
 d - a scroll of enchant armour {unknown}
 p - 9 scrolls of teleportation
 y - 2 scrolls of fog {unknown}
 z - 2 scrolls of amnesia {unknown}
 A - a scroll of magic mapping {unknown}
 C - 3 scrolls of blinking {unknown}
 H - 3 scrolls of fear {unknown}
 W - a scroll of immolation {unknown}
Potions
 e - a potion of might
 h - 9 potions of curing
 k - 2 potions of resistance {unknown}
 q - 3 potions of attraction {!q}
 u - a potion of magic
 w - 2 potions of haste
 x - 2 potions of berserk rage {!q}
 B - 2 potions of flight
 E - 2 potions of mutation {unknown}
 L - a potion of invisibility
 T - a potion of ambrosia
 U - a potion of cancellation
 V - 3 potions of lignification {!q}
Miscellaneous
 K - a phantom mirror
 X - a box of beasts (inert)


   Skills:
 - Level 10.0 Fighting
 + Level 11.4 Long Blades
 + Level 12.1(13.0) Slings
 - Level 8.0(11.1) Throwing
 - Level 3.5 Armour
 - Level 4.2 Dodging
 + Level 7.2 Evocations


You had 13 spell levels left.
You didn't know any spells.
Your spell library was empty.

Dungeon Overview and Level Annotations

Branches:
Dungeon (10/15)            Temple (0/1) D:5            Lair (6/6) D:10
 Shoals (0/4) Lair:4        Snake (0/4) Lair:2        Slime (0/5) Lair:6
    Orc: D:9-12

Altars:
Ashenzari
Dithmenos
Elyvilon
Hepliaklqana
Nemelex Xobeh
Ru
Sif Muna
Uskayaw
Vehumet
Xom
Zin
Jiyva
Lugonu

Portals:
Abyss: Lair:5

Annotations:
D:2 1 runed translucent door, Crazy Yiuf
Lair:1 1 runed translucent door, Armakuni's ghost, journeyman HuMo


Innate Abilities, Weirdness & Mutations

You have hoof-like feet.
When hurt, damage is shared between your health and your magic reserves.
You are immune to miasma.
Your movements are less encumbered by armour. (ER -4)


Message History

Unknown command.
Okay, then.
You feel much better.
The worker ant bites you but does no damage.
The entropy weaver hits you. The entropy weaver hits you!
* * * LOW MAGIC WARNING * * *
The entropy weaver misses you. The entropy weaver hits you!
* * * LOW MAGIC WARNING * * *;
* * * LOW HITPOINT WARNING * * *
Press: ? - help, v - describe, . - travel
Here: a worker ant (heavily wounded)
The floor.
Unknown command.
You fail to use your ability.
The worker ant waves its antennae.
The worker ant barely misses you. The entropy weaver hits you!
* * * LOW HITPOINT WARNING * * *
The entropy weaver hits you!
* * * LOW MAGIC WARNING * * *;
* * * LOW HITPOINT WARNING * * *
The entropy weaver hits you!
You die...

### ### #.. # #.## ####
#.#############.#
.#.######..####.P#..#.#..#..##.#
.....##..........B..............
.....##.†.......@B((((.(........
.......#.......(...(....###...♣#
......##.........#.(#.#.# ♣.#
......#...(....#.##..#.##
................#.#..###
......#...(..........#
.....†.......#P(....##
......#.(.......(...#
......##.....##......


You could see an entropy weaver and a worker ant.

Vanquished Creatures
  An entropy weaver (Lair:5)
  4 hydras
  Urug (Lair:3)
  4 oklob plants (Lair:5)
  A merfolk siren (Lair:4)
  Maurice (D:8)
  An ice statue (D:10)
  5 black mambas
  Psyche (D:8)
  13 cane toads
  A centaur skeleton (D:10)
  2 rime drakes
  9 komodo dragons
  4 polar bears
  A hornet (D:10)
  2 merfolk (Lair:4)
  9 blink frogs
  Grinder (D:3)
  A dream sheep (Lair:6)
  3 spriggans (Lair:6)
  21 yaks
  3 wyverns
  A steam dragon (Lair:4)
  4 basilisks
  4 nagas (Lair:2)
  3 soldier ants (Lair:6)
  11 water moccasins
  2 orc warriors
  3 sky beasts
  3 black bears
  9 ogres
  5 ice beasts
  A necrophage (D:10)
  10 wolves
  2 centaurs
  A big kobold (D:9)
  13 bullfrogs
  A wyvern skeleton (D:6)
  4 scorpions
  A water moccasin skeleton (D:4)
  5 killer bees
  11 wights
  2 howler monkeys
  A quasit (D:6)
  A bullfrog zombie (D:5)
  7 orc priests
  2 hounds
  A bullfrog skeleton (D:10)
  A jelly (D:9)
  4 orc wizards
  Jessica (D:3)
  5 iguanas
  6 hell rats (Lair:6)
  8 worker ants
  A hound zombie (D:7)
  A worker ant zombie (D:10)
  2 howler monkey skeletons
  Robin (D:3)
  4 gnolls (D:6)
  11 adders
  A shadow imp (D:7)
  3 white imps
  3 ufetubi
  2 oozes
  An adder zombie (D:6)
  3 adder skeletons
  A worm (D:2)
  2 dart slugs
  4 leopard geckos
  28 orcs
  4 giant cockroaches
  11 goblins
  6 hobgoblins
  3 jackals (D:5)
  8 kobolds
  5 quokkas
  2 ball pythons
  6 bats
  3 frilled lizards
  A giant cockroach zombie (D:5)
  3 rats
  A lurking horror (Lair:5)
343 creatures vanquished.

Vanquished Creatures (collateral kills)
  A hydra (Lair:5)
  A merfolk (Lair:4)
2 creatures vanquished.

Vanquished Creatures (others)
  35 fungi
  51 plants
86 creatures vanquished.

Grand Total: 431 creatures vanquished

Notes
Turn   | Place    | Note
-------+----------+-------------------------------------------
     0 | D:1      | emikaela the Demonspawn Berserker began the quest for the
                  | Orb.
     0 | D:1      | Reached XP level 1. HP: 18/18 MP: 1/1
   755 | D:1      | Gained mutation: You are immune to miasma. [demonic
                  | ancestry]
   755 | D:1      | Reached XP level 2. HP: 21/24 MP: 2/2
  1059 | D:2      | Found a radiant altar of Vehumet.
  1297 | D:2      | Reached XP level 3. HP: 22/29 MP: 3/3
  2142 | D:2      | Found a runed translucent door.
  2143 | D:2      | Noticed Crazy Yiuf
  2253 | D:3      | Noticed Grinder
  2297 | D:3      | Noticed Jessica
  2425 | D:3      | Reached XP level 4. HP: 35/35 MP: 4/4
  2550 | D:3      | Reached skill level 1 in Throwing
  2574 | D:3      | Noticed Robin
  2584 | D:3      | Killed Robin
  2584 | D:3      | Reached ** piety under Trog
  2630 | D:3      | You fall into a shaft and drop 1 floor!
  2638 | D:3      | Paralysed by Grinder for 5 turns
  2650 | D:3      | Killed Grinder
  2651 | D:3      | Gained mutation: You have large cloven feet. [demonic
                  | ancestry]
  2651 | D:3      | Reached XP level 5. HP: 43/43 MP: 5/5
  2651 | D:3      | Reached XP level 6. HP: 49/49 MP: 6/6
  3260 | D:3      | Found a sacrificial altar of Ru.
  3260 | D:3      | Found a shimmering altar of Xom.
  3266 | D:3      | Found a shimmering blue altar of Sif Muna.
  3277 | D:3      | Found a shadowy altar of Dithmenos.
  3279 | D:3      | Found a faded altar of an unknown god.
  3506 | D:4      | Reached skill level 5 in Fighting
  3799 | D:4      | Reached XP level 7. HP: 56/56 MP: 7/7
  4778 | D:3      | Killed Jessica
  4857 | D:5      | Entered Level 5 of the Dungeon
  5035 | D:5      | Found a staircase to the Ecumenical Temple.
  5138 | D:5      | Reached skill level 1 in Evocations
  5310 | D:5      | Found a hide-covered altar of Uskayaw.
  5409 | D:5      | Found a broken altar of Ashenzari.
  5771 | D:6      | Reached skill level 5 in Throwing
  5890 | D:6      | Gained mutation: When hurt, damage is shared between your
                  | health and your magic reserves. [demonic ancestry]
  5890 | D:6      | Reached XP level 8. HP: 62/64 MP: 8/8
  6137 | D:6      | Reached *** piety under Trog
  6689 | D:6      | Reached skill level 5 in Evocations
  6703 | D:6      | Found a hazy altar of Hepliaklqana.
  7750 | D:7      | Gained mutation: Your movements are slightly less
                  | encumbered by armour. (ER -2) [demonic ancestry]
  7750 | D:7      | Reached XP level 9. HP: 69/69 MP: 9/9
  8613 | D:8      | Noticed Maurice
  9086 | D:8      | Noticed Psyche
  9112 | D:7      | Reached skill level 5 in Long Blades
  9159 | D:8      | Killed Psyche
  9334 | D:8      | Killed Maurice
  9335 | D:8      | Reached XP level 10. HP: 80/80 MP: 10/10
  9565 | D:9      | Found a glowing silver altar of Zin.
 10206 | D:9      | Reached **** piety under Trog
 10462 | D:10     | Entered Level 10 of the Dungeon
 10462 | D:10     | Found a white marble altar of Elyvilon.
 10546 | D:10     | Found a staircase to the Lair.
 10852 | D:10     | Paralysed by a hornet for 2 turns
 11492 | D:10     | Noticed an ice statue
 11626 | D:10     | Killed an ice statue
 11858 | Lair:1   | Entered Level 1 of the Lair of Beasts
 11930 | Lair:1   | Reached skill level 1 in Slings
 12277 | Lair:1   | Found a runed translucent door.
 12341 | Lair:1   | Noticed Armakuni's ghost (journeyman HuMo)
 12487 | Lair:1   | Reached skill level 2 in Slings
 12764 | Lair:1   | Gained mutation: You have hoof-like feet. [demonic
                  | ancestry]
 12764 | Lair:1   | Reached XP level 11. HP: 87/87 MP: 11/11
 13099 | Lair:1   | Reached skill level 3 in Slings
 13335 | Lair:2   | Found a staircase to the Snake Pit.
 13679 | Lair:2   | Reached skill level 4 in Slings
 14098 | Lair:2   | Reached skill level 5 in Slings
 14562 | Lair:2   | Reached skill level 6 in Slings
 15304 | Lair:3   | Noticed Urug
 15315 | Lair:3   | Killed Urug
 16150 | Lair:4   | Reached skill level 7 in Slings
 16521 | Lair:4   | Reached skill level 10 in Fighting
 16928 | Lair:4   | Reached skill level 8 in Slings
 17207 | Lair:4   | Gained mutation: Your movements are less encumbered by
                  | armour. (ER -4) [demonic ancestry]
 17207 | Lair:4   | Reached XP level 12. HP: 86/97 MP: 12/12
 17629 | Lair:4   | Found a staircase to the Shoals.
 18155 | Lair:5   | Found a corrupted altar of Lugonu.
 18156 | Lair:5   | Found a one-way gate to the infinite horrors of the Abyss.
 18160 | Lair:5   | Got a glittering bronze ring
 18289 | Lair:5   | Reached skill level 9 in Slings
 18509 | Lair:5   | Noticed a seven-headed hydra
 18513 | Lair:5   | Killed a seven-headed hydra
 18575 | Lair:5   | Noticed a five-headed hydra
 18673 | Lair:5   | Killed a five-headed hydra
 18674 | Lair:5   | Reached skill level 10 in Slings
 19020 | Lair:5   | Noticed a six-headed hydra
 19848 | Lair:5   | Killed a six-headed hydra
 19973 | Lair:6   | Entered Level 6 of the Lair of Beasts
 20066 | Lair:6   | Found a viscous altar of Jiyva.
 20091 | Lair:6   | Found a staircase to the Slime Pits.
 20371 | Lair:6   | Reached skill level 10 in Long Blades
 20377 | Lair:6   | Found a sparkling altar of Nemelex Xobeh.
 20402 | Lair:6   | Reached skill level 11 in Slings
 22083 | Lair:5   | Reached XP level 13. HP: 103/103 MP: 13/13
 22088 | Lair:5   | Identified the ring of Feblel {Ice +Blink rElec Will-
                  | Dex+3} (You found it on level 5 of the Lair of Beasts)
 22489 | Lair:6   | Reached XP level 14. HP: 71/110 MP: 14/14
 23004 | Lair:5   | Reached skill level 12 in Slings
 23486 | Lair:6   | HP: 2/110 [entropy weaver (14)]
 23486 | Lair:6   | Mangled by an entropy weaver

Illustrated notes

Levels and vault maps discovered:
D:1:      nagdon_arrival_double_spiral, layout_loops_corners
D:2:      layout_basic, nicolae_overflow_crystal_walls, uniq_crazy_yiuf_cottage
D:3:      layout_loops_corners, chequers_temple_overflow_minitemple,
          uniq_grinder, uniq_jessica, uniq_robin
D:4:      layout_cave_pods, minmay_misc_feat_room
D:5:      layout_basic, marbit_many_paths, minmay_temple_entry_butterflies,
          basic_altar, grunt_ministairs_15
D:6:      layout_layer_cave, corexii_shack, amcnicky_altar_gilded
D:7:      layout_rooms
D:8:      layout_rooms, uniq_psyche, uniq_maurice
D:9:      layout_cave_pools, overflow_temple_1_default, hangedman_decor_growths
D:10:     minmay_statue_hallways, layout_irregular_city, david_lair_shrubbed,
          basic_altar
Lair:1:   layout_cave_pods, ebering_ghost_reflecting_pool
Lair:2:   layout_hall_layers, guppyfry_snake_entry_island
Lair:3:   layout_cave_pods, serial_bayou_shore_b, lemuel_fruit_fields,
          grunt_megastairs_4, uniq_urug
Lair:4:   layout_regular_city, elwin_shoals_entry_stream, grunt_megastairs_1
Lair:5:   layout_small_grid, amcnicky_altar_lugonu_corruption,
          lemuel_fruit_tree, minmay_lair_oklob_chamber
Lair:6:   minmay_lair_end_enchanted_forest, layout_cellular_growth,
          slime_altar_1, basic_altar, wad_woods_antlair

Skill      XL: |  1  2  3  4  5  6  7  8  9 10 11 12 13 14 |
---------------+-------------------------------------------+-----
Armour         | 2 3 |  3.5
Long Blades    | 3 4 6 9 10 11 | 11.4
Throwing       | 2 3 5 6 8 |  8.0
Fighting       | 4 5 6 8 10 | 10.0
Evocations     | 2 6 7 |  7.2
Dodging        | 3 4 |  4.2
Slings         | 2 8 11 12 | 12.1

Action                   |  1- 3 |  4- 6 |  7- 9 | 10-12 | 13-15 || total
-------------------------+-------+-------+-------+-------+-------++-------
Melee: Falchion          |    84 |    19 |    38 |   260 |       ||   401
       Short sword       |       |    66 |   525 |       |       ||   591
       Great sword       |       |       |       |    28 |     2 ||    30
 Fire: Fustibalus        |       |       |       |   661 |   309 ||   970
Throw: Dart              |    13 |    12 |    21 |       |       ||    46
       Stone             |    31 |    70 |   268 |   165 |       ||   534
       Boomerang         |       |       |       |     2 |       ||     2
Invok: Berserk           |       |     2 |     9 |    15 |       ||    26
       Trog's Hand       |       |     1 |     6 |    10 |     2 ||    19
       Brothers in Arms  |       |       |       |     1 |       ||     1
Evoke: Wand              |       |       |       |    24 |     2 ||    26
       Box of beasts     |       |       |       |     1 |     1 ||     2
       Phantom mirror    |       |       |       |     1 |       ||     1
  Use: Scroll            |       |       |    13 |     2 |     3 ||    18
       Potion            |       |       |     2 |     1 |     1 ||     4
 Stab: Sleeping          |     1 |       |       |       |       ||     1
       Distracted        |       |       |       |       |     1 ||     1
Armor: Scale mail        |     3 |       |       |       |       ||     3
       Steam dragon scal |    21 |    31 |    21 |       |       ||    73
       Robe              |       |       |   232 |   151 |    49 ||   432
Dodge: Dodged            |    29 |    43 |   330 |   235 |   108 ||   745
       Rpst.: Falchion   |    11 |     3 |     6 |    30 |       ||    50
       Great sword       |       |       |       |     4 |       ||     4
